[Event "Titled Tuesday Blitz June 13 Early 2023"]
[White "Lehtosaari, Mauri"]
[Black "Atakhan, Abtin"]
[WhiteFideId "501999"]
[BlackFideId "22502203"]
[WhiteElo "2566"]
[BlackElo "2008"]
[Result "0-1"]
[Round "5"]
[TimeControl "180+2"]
[Date "2023.06.13"]
[WhiteClock "0:00:00"]
[BlackClock "0:00:02"]
[Board "47"]

1. d4 Nf6 2. Nf3 g6 3. Bg5 Bg7 4. Nbd2 O-O 5. e3 d6 6. Bc4 c5 7. c3 Nc6 8. a4 cxd4 9. exd4 h6 10. Bxf6 Bxf6 11. O-O Bg7 12. Re1 d5 13. Bd3 Qc7 14. h3 a6 15. Nb3 e6 16. Qe2 Rd8 17. a5 Bf8 18. Nh2 Bd6 19. Ng4 Kg7 20. g3 h5 21. Ne3 Qe7 22. Ng2 Qf6 23. h4 Bc7 24. f4 Ne7 25. Rec1 Rb8 26. Ne1 Bd6 27. Nf3 Bd7 28. Ne5 Be8 29. Nd2 Nf5 30. Qf2 Bc7 31. b4 Nd6 32. Nb3 Qe7 33. Nc5 f6 34. Nf3 Bf7 35. Re1 Re8 36. Re2 Nf5 37. Rae1 Qd6 38. Nd2 Kg8 39. Nf1 Ng7 40. Re3 Re7 41. Qc2 Kh7 42. Qd1 Qc6 43. Nh2 Rbe8 44. Nf3 Kg8 45. Qc2 Nf5 46. Bxf5 gxf5 47. Kf2 Bd6 48. Qe2 Bxc5 49. bxc5 Qc7 50. Ra1 Kh7 51. Ne1 Rg8 52. Nd3 Qc8 53. Rb1 Be8 54. Rb6 Bc6 55. Ne1 Reg7 56. Rxe6 Rxg3 57. Re7+ R8g7 58. Qxh5+ Kg8 59. Rxg7+ Rxg7 60. Nf3 Qe6 61. Rb1 Qe4 62. Re1 Qxf4 0-1


[Site "https://www.chess.com"]

[Event "Titled Tuesday Blitz June 13 Early 2023"]
[White "Gadimbayli, Abdulla"]
[Black "Vovk, Orest"]
[WhiteFideId "13404938"]
[BlackFideId "14113490"]
[WhiteElo "2386"]
[BlackElo "2215"]
[Result "1-0"]
[Round "5"]
[TimeControl "180+2"]
[Date "2023.06.13"]
[WhiteClock "0:00:06"]
[BlackClock "0:00:00"]
[Board "48"]

1. e4 g5 2. d4 g4 3. Bd3 Bg7 4. c3 d5 5. e5 c5 6. Be3 Nc6 7. Nd2 Qb6 8. Ne2 c4 9. Bc2 Qxb2 10. O-O h5 11. Re1 h4 12. f3 h3 13. Nf4 e6 14. fxg4 Qxc3 15. Ba4 hxg2 16. Nf3 Bd7 17. Rb1 O-O-O 18. Kxg2 Qa3 19. Bc2 Nge7 20. Qd2 Qa5 21. Qxa5 Nxa5 22. Nh5 Rdg8 23. Nxg7 Rxg7 24. Bg5 Nac6 25. h4 Rhg8 26. Kg3 a6 27. Kf4 Ng6+ 28. Bxg6 fxg6 29. Bf6 Rf7 30. Ng5 Rff8 31. Ke3 b5 32. Rh1 b4 33. h5 gxh5 34. gxh5 a5 35. h6 a4 36. h7 Rh8 37. Bxh8 Rxh8 38. Nf7 Rxh7 39. Rxh7 b3 40. axb3 axb3 41. Ng5 Nb4 42. Kd2 Nc2 43. Kc3 Na3 44. Ra1 Nb5+ 45. Kb4 Nxd4 46. Kc5 Nc6 47. Nxe6 Bxe6 48. Kxc6 Kb8 49. Rh8+ 1-0


[Site "https://www.chess.com"]

[Event "Titled Tuesday Blitz June 13 Early 2023"]
[White "Maximov, Dmitry"]
[Black "Chos, Alexey"]
[WhiteFideId "14105659"]
[BlackFideId "14117762"]
[WhiteElo "2494"]
[BlackElo "2234"]
[Result "0-1"]
[Round "5"]
[TimeControl "180+2"]
[Date "2023.06.13"]
[WhiteClock "0:00:02"]
[BlackClock "0:00:53"]
[Board "49"]

1. e4 e6 2. d4 d5 3. e5 c5 4. c3 Nc6 5. Nf3 Nge7 6. Bd3 Nf5 7. O-O Be7 8. dxc5 Bxc5 9. Qe2 Be7 10. Nbd2 O-O 11. Re1 f6 12. Bxf5 exf5 13. e6 Re8 14. Nb3 Bd6 15. Nfd4 Nxd4 16. Nxd4 Be5 17. Nxf5 Bxe6 18. Ng3 Bd7 19. Be3 Bc6 20. Rad1 Qc7 21. Qg4 Rad8 22. Bd4 Kh8 23. Re3 Bd7 24. Qh5 Qc8 25. h3 Bf4 26. Rf3 Bg5 27. Kh2 Kg8 28. Rfd3 Bb5 29. Rf3 g6 30. Qg4 Bd7 31. Nf5 Bxf5 32. Qg3 Qb8 33. h4 Bxh4 34. Qxb8 Rxb8 35. Rh1 Re2 36. Bxa7 Ra8 37. Bd4 Rxa2 38. b4 Bxf2 39. Bxf2 Rxf2 40. Rxf2 Rxf2 41. Rd1 Be4 0-1


[Site "https://www.chess.com"]

[Event "Titled Tuesday Blitz June 13 Early 2023"]
[White "Albornoz Cabrera, Carlos Daniel"]
[Black "Safin, Robert"]
[WhiteFideId "3518736"]
[BlackFideId "34189120"]
[WhiteElo "2540"]
[BlackElo "2341"]
[Result "1-0"]
[Round "5"]
[TimeControl "180+2"]
[Date "2023.06.13"]
[WhiteClock "0:00:07"]
[BlackClock "0:00:00"]
[Board "50"]

1. d4 Nf6 2. c4 e6 3. Nc3 Bb4 4. e3 O-O 5. Bd3 b6 6. Ne2 Bb7 7. f3 c5 8. a3 Bxc3+ 9. bxc3 d5 10. O-O dxc4 11. Bxc4 Nbd7 12. e4 Rc8 13. Bd3 e5 14. d5 Ne8 15. c4 Nd6 16. a4 f6 17. Nc3 a6 18. a5 b5 19. cxb5 c4 20. Be2 axb5 21. Ba3 Nc5 22. Bb4 Na6 23. Qb1 Nc7 24. Qb2 Qd7 25. Qa3 Rfd8 26. Rfb1 Ba6 27. Bc5 Rb8 28. Bb6 Rdc8 29. Qb4 Na8 30. Bf2 h6 31. h4 Qc7 32. Ra2 Rb7 33. Rc2 Rbb8 34. Qa3 Rb7 35. Na2 Rbb8 36. Nb4 Qb7 37. Nc6 Rxc6 38. dxc6 Qxc6 39. Qc5 Qxc5 40. Bxc5 Nb7 41. Bb4 Nc7 42. Rd2 Ne6 43. Rd7 Nd4 44. Bf1 Rc8 45. Bc3 Nc6 46. Rxb5 Bxb5 47. Rxb7 Ba6 48. Rb6 Nb8 49. Bb4 Kf7 50. Bd6 Rc6 51. Rxb8 Rxd6 52. Rb6 Rxb6 53. axb6 Ke7 54. Bxc4 Bb7 55. Bd5 1-0


[Site "https://www.chess.com"]

[Event "Titled Tuesday Blitz June 13 Early 2023"]
[White "Priasmoro, Novendra"]
[Black "Garakov, Mikhael"]
[WhiteFideId "7105029"]
[BlackFideId "4169034"]
[WhiteElo "2412"]
[BlackElo "2347"]
[Result "1-0"]
[Round "5"]
[TimeControl "180+2"]
[Date "2023.06.13"]
[WhiteClock "0:02:06"]
[BlackClock "0:00:35"]
[Board "51"]

1. e4 c5 2. Nf3 e6 3. d4 cxd4 4. Nxd4 Nc6 5. Nc3 Qc7 6. g3 a6 7. Bg2 Nf6 8. O-O Be7 9. Re1 O-O 10. Nxc6 dxc6 11. e5 Rd8 12. Qe2 Nd5 13. Nxd5 cxd5 14. h4 b5 15. h5 Bb7 16. h6 g6 17. Bf4 Rac8 18. c3 Qc4 19. Qg4 b4 20. Re3 bxc3 21. Rxc3 Qb4 22. Rb3 1-0


[Site "https://www.chess.com"]

[Event "Titled Tuesday Blitz June 13 Early 2023"]
[White "Quintiliano Pinto, Renato R."]
[Black "Ginzburg, Yakov"]
[WhiteFideId "2117568"]
[BlackFideId "4157176"]
[WhiteElo "2459"]
[BlackElo "2305"]
[Result "1-0"]
[Round "5"]
[TimeControl "180+2"]
[Date "2023.06.13"]
[WhiteClock "0:00:09"]
[BlackClock "0:00:05"]
[Board "52"]

1. c4 c6 2. Nf3 d5 3. e3 Nf6 4. b3 a6 5. Bb2 b5 6. d4 Bg4 7. Nbd2 e6 8. Qc2 Bxf3 9. gxf3 Nbd7 10. Bg2 bxc4 11. bxc4 Rb8 12. O-O Bd6 13. f4 h6 14. Bc3 O-O 15. Rab1 Nh5 16. Nf3 Bxf4 17. exf4 Nxf4 18. Bd2 Qf6 19. Bxf4 Qxf4 20. Qd2 Qf5 21. Rxb8 Rxb8 22. Rc1 Rb1 23. h3 dxc4 24. Qd1 Rb2 25. Rxc4 Rxa2 26. Rxc6 Nf6 27. Rc8+ Kh7 28. Qe1 Rb2 29. Rc1 Ne4 30. Nh4 Qxf2+ 31. Qxf2 Nxf2 32. Rc3 Nd1 33. Rc7 f5 34. d5 exd5 35. Nxf5 Kg6 36. Ne7+ Kg5 37. Nxd5 g6 38. Rc6 a5 39. Be4 Kh4 40. Rxg6 Kxh3 41. Nf4+ Kh4 42. Ng2+ Kh3 43. Bf5# 1-0


[Site "https://www.chess.com"]

[Event "Titled Tuesday Blitz June 13 Early 2023"]
[White "Akylbek2021"]
[Black "Rakotomaharo, Fy Antenaina"]
[BlackFideId "13100050"]
[WhiteElo "2508"]
[BlackElo "2427"]
[Result "0-1"]
[Round "5"]
[TimeControl "180+2"]
[Date "2023.06.13"]
[WhiteClock "0:00:01"]
[BlackClock "0:00:10"]
[Board "53"]

1. e4 e5 2. Nf3 Nf6 3. Nc3 Nc6 4. a3 d5 5. exd5 Nxd5 6. Nxe5 Nxe5 7. Qe2 f6 8. d4 Nxc3 9. bxc3 Bd6 10. dxe5 fxe5 11. Qb5+ c6 12. Qb3 Qe7 13. Bc4 b5 14. Bd3 e4 15. Be2 Be6 16. c4 O-O 17. Be3 Kh8 18. O-O Rab8 19. Qc3 bxc4 20. Bxc4 Bd5 21. Bxd5 cxd5 22. Qd4 Be5 23. Qc5 Qxc5 24. Bxc5 Rfc8 25. Bxa7 Ra8 26. Rad1 Rxa7 27. Rxd5 Bf6 28. Re1 Rxa3 29. g3 Ra4 30. Re2 h6 31. Kg2 Rac4 32. Rd7 Ra8 33. Rd6 Kg8 34. Re6 Raa4 35. Kh3 Kf7 36. Rd6 Ra2 37. Rdd2 Bg5 38. Rd7+ Kg8 39. Rd5 Raxc2 40. Rxc2 Rxc2 41. Kg2 e3 42. Rf5 g6 43. Rf3 e2 0-1


[Site "https://www.chess.com"]

[Event "Titled Tuesday Blitz June 13 Early 2023"]
[White "Papasimakopoulos, Alexandros"]
[Black "GMFYHR1"]
[WhiteFideId "4244125"]
[WhiteElo "2359"]
[BlackElo "2464"]
[Result "1-0"]
[Round "5"]
[TimeControl "180+2"]
[Date "2023.06.13"]
[WhiteClock "0:01:10"]
[BlackClock "0:01:13"]
[Board "54"]

1. d4 Nf6 2. c4 e6 3. Nc3 Bb4 4. Qc2 O-O 5. a3 Bxc3+ 6. Qxc3 d5 7. Nf3 Nbd7 8. Bg5 h6 9. Bh4 c6 10. e3 b6 11. cxd5 cxd5 12. Qc6 Rb8 13. Bd3 Bb7 14. Qd6 Rc8 15. O-O Qc7 16. Qxc7 Rxc7 17. Bg3 Rc6 18. Nd2 a6 19. f3 Rcc8 20. Rfc1 b5 21. Nb3 Nb6 22. Nc5 Bc6 23. Nxa6 Nc4 24. Nb4 Nxb2 25. Nxc6 1-0


[Site "https://www.chess.com"]

[Event "Titled Tuesday Blitz June 13 Early 2023"]
[White "sebastianmarinp"]
[Black "Srihari L R"]
[BlackFideId "46617116"]
[WhiteElo "2399"]
[BlackElo "2334"]
[Result "0-1"]
[Round "5"]
[TimeControl "180+2"]
[Date "2023.06.13"]
[WhiteClock "0:00:00"]
[BlackClock "0:00:16"]
[Board "55"]

1. e4 d6 2. d4 Nf6 3. Nc3 e5 4. Nge2 Be7 5. h3 O-O 6. g4 exd4 7. Nxd4 Nc6 8. Bg2 Re8 9. O-O Bf8 10. Nf5 Nd7 11. Be3 Nb6 12. b3 h6 13. Qd2 Kh7 14. a4 Be6 15. a5 Nd7 16. a6 bxa6 17. Rxa6 Nb6 18. Rfa1 Bc8 19. R6a2 Bb7 20. f4 g6 21. Nd4 Bg7 22. e5 Nxd4 23. Bxb7 Rb8 24. Bxd4 Rxb7 25. e6 Rxe6 26. Bxg7 Kxg7 27. Qd4+ Qf6 28. Qxf6+ Rxf6 29. Rxa7 Rxa7 30. Rxa7 Rxf4 31. Rxc7 Rf3 32. Rc6 Nd7 33. Ne4 d5 34. Nd6 Rxh3 35. b4 Rg3+ 36. Kf2 Rxg4 37. b5 Rb4 38. Rc7 Ne5 39. Re7 Kf6 40. Rc7 h5 41. Ne8+ Kg5 42. Rc5 h4 43. Rxd5 f6 44. Nd6 Rb2 45. Ke3 h3 46. Ke4 h2 47. Nf7+ Kh4 48. Nxe5 h1=Q+ 49. Nf3+ Kg4 50. Rd3 Rb4+ 0-1


[Site "https://www.chess.com"]

[Event "Titled Tuesday Blitz June 13 Early 2023"]
[White "Martinez Ramirez, Lennis"]
[Black "Garrido, Denis"]
[WhiteFideId "3509079"]
[BlackFideId "601217"]
[WhiteElo "2410"]
[BlackElo "2351"]
[Result "1-0"]
[Round "5"]
[TimeControl "180+2"]
[Date "2023.06.13"]
[WhiteClock "0:00:55"]
[BlackClock "0:00:37"]
[Board "56"]

1. Nf3 Nf6 2. c4 e6 3. Nc3 d5 4. cxd5 exd5 5. d4 c6 6. Bg5 Be7 7. Qc2 g6 8. e3 Bf5 9. Bd3 Bxd3 10. Qxd3 O-O 11. h4 Nbd7 12. h5 Nxh5 13. Bh6 Re8 14. O-O-O Ndf6 15. Ne5 Bf8 16. Bxf8 Kxf8 17. g4 Ng7 18. g5 Nfh5 19. Rdg1 c5 20. Qb5 cxd4 21. exd4 Ne6 22. Nxd5 Nxd4 23. Qb4+ Kg8 24. Qxd4 Rc8+ 25. Kb1 Qd6 26. Ng4 1-0


[Site "https://www.chess.com"]

[Event "Titled Tuesday Blitz June 13 Early 2023"]
[White "Pulpan, Jakub"]
[Black "Andreassen, Lars"]
[WhiteFideId "302759"]
[BlackFideId "1504878"]
[WhiteElo "2484"]
[BlackElo "2119"]
[Result "1/2-1/2"]
[Round "5"]
[TimeControl "180+2"]
[Date "2023.06.13"]
[WhiteClock "0:00:02"]
[BlackClock "0:00:07"]
[Board "57"]

1. b3 d5 2. Nf3 Nf6 3. Bb2 Bf5 4. e3 e6 5. Bd3 Bxd3 6. cxd3 Be7 7. d4 O-O 8. O-O Nbd7 9. Nc3 c5 10. dxc5 Nxc5 11. d4 Nce4 12. Nxe4 Nxe4 13. Nd2 Nxd2 14. Qxd2 Rc8 15. Bc3 Qd7 16. Rfc1 Ba3 17. Bb2 Bxb2 18. Qxb2 Rxc1+ 19. Rxc1 Rc8 20. Rc5 b6 21. Rc3 g6 22. h4 h5 23. Qc1 Rxc3 24. Qxc3 Qe7 25. g3 Qa3 26. Qc2 Kg7 27. Kg2 b5 28. Kf3 a5 29. Kf4 a4 30. bxa4 bxa4 31. Ke5 Qb4 32. Kf4 a3 33. Qc7 Qb2 34. Qe5+ Kh7 35. f3 Qxa2 36. Qc7 Kg7 37. Qe5+ Kg8 38. Qb8+ Kh7 39. Qf8 Qc2 40. Qxf7+ Kh6 41. Qf8+ Kh7 42. Qe7+ Kh6 43. e4 dxe4 44. Qf8+ Kh7 45. Qf7+ Kh6 46. Qg8 Qd2+ 47. Ke5 Qa5+ 48. Kxe6 Qb6+ 49. Ke5 Qc7+ 50. Kxe4 Qc2+ 51. Ke3 Qc3+ 52. Ke4 Qc2+ 53. Ke5 Qc7+ 54. Ke4 Qc2+ 1/2-1/2


[Site "https://www.chess.com"]

[Event "Titled Tuesday Blitz June 13 Early 2023"]
[White "Bortnyk, Olexandr"]
[Black "Pastar, Slaven"]
[WhiteFideId "14120828"]
[BlackFideId "14402718"]
[WhiteElo "2733"]
[BlackElo "2219"]
[Result "1-0"]
[Round "5"]
[TimeControl "180+2"]
[Date "2023.06.13"]
[WhiteClock "0:00:08"]
[BlackClock "0:00:08"]
[Board "58"]

1. e4 b6 2. d4 Bb7 3. Bd3 Nf6 4. Qe2 e6 5. c3 d5 6. e5 Nfd7 7. f4 c5 8. Nf3 Be7 9. f5 exf5 10. Bxf5 Ba6 11. Bd3 Bxd3 12. Qxd3 O-O 13. O-O Nc6 14. Be3 Rc8 15. Nbd2 cxd4 16. cxd4 Nb4 17. Qb3 Nc2 18. Rac1 Nxe3 19. Qxe3 b5 20. e6 Rxc1 21. Rxc1 Nb6 22. exf7+ Rxf7 23. Ne5 Bg5 24. Qd3 Rf8 25. Re1 Nc4 26. Ndxc4 bxc4 27. Qh3 Qb6 28. Nf3 Bf6 29. Qd7 Bxd4+ 30. Kh1 Bxb2 31. Qxd5+ Kh8 32. Qxc4 Bf6 33. h4 Qf2 34. Kh2 h6 35. Re2 Qb6 36. Qe6 Qb8+ 37. Kh3 Rc8 38. h5 Rc1 39. Qe8+ Qxe8 40. Rxe8+ Kh7 41. Re4 Rc5 42. Kg4 Ra5 43. a4 a6 44. Rc4 Kg8 45. g3 Kf7 46. Re4 Rc5 47. Nd2 a5 48. Nc4 Bc3 49. Nd6+ Kg8 50. Re8+ Kh7 51. Nf7 g6 52. hxg6+ Kxg6 53. Nd6 Rg5+ 54. Kf4 Be5+ 55. Rxe5 Rxe5 56. Kxe5 Kg5 57. Nc4 Kg4 58. Nxa5 Kxg3 59. Nc4 h5 60. a5 h4 61. a6 h3 62. a7 h2 63. a8=Q h1=Q 64. Qxh1 1-0


[Site "https://www.chess.com"]

[Event "Titled Tuesday Blitz June 13 Early 2023"]
[White "Gorovets, Andrey"]
[Black "Thecourseoisildur"]
[WhiteFideId "13504037"]
[WhiteElo "2459"]
[BlackElo "2589"]
[Result "1-0"]
[Round "5"]
[TimeControl "180+2"]
[Date "2023.06.13"]
[WhiteClock "0:00:10"]
[BlackClock "0:00:00"]
[Board "59"]

1. Nf3 Nf6 2. c4 g6 3. g3 Bg7 4. d4 O-O 5. Bg2 d5 6. cxd5 Nxd5 7. O-O Nb6 8. Nc3 Nc6 9. e3 Re8 10. Re1 a5 11. b3 a4 12. bxa4 e5 13. dxe5 Bg4 14. Qb3 Bxf3 15. Bxf3 Nxe5 16. Bxb7 Rb8 17. Be4 Qf6 18. Rb1 Ng4 19. Nd1 Rxe4 20. a5 Nd7 21. Qxb8+ Nxb8 22. Rxb8+ Bf8 23. Ba3 Re7 24. a6 c5 25. Bxc5 Qe5 26. a7 Rxa7 27. Rxf8+ Kg7 28. Bd4 Kxf8 29. Bxe5 Nxe5 30. Re2 Nc4 31. Rc2 Na3 32. Rc8+ Kg7 33. Nc3 Rd7 34. Ra8 Nc4 35. a4 Rd3 36. Nb5 Rd1+ 37. Kg2 Rd2 38. Kf1 Ra2 39. Nc3 Ra3 40. Nd5 Ra2 41. g4 g5 42. h3 Nd2+ 43. Ke2 Ne4+ 44. Kd3 Nxf2+ 45. Kc4 Nxh3 46. a5 Nf2 47. a6 Nxg4 48. Nb4 Ne5+ 49. Kb5 Rb2 50. Rd8 1-0


[Site "https://www.chess.com"]

[Event "Titled Tuesday Blitz June 13 Early 2023"]
[White "Spata, German"]
[Black "Vignesh N R"]
[WhiteFideId "113026"]
[BlackFideId "25012215"]
[WhiteElo "2260"]
[BlackElo "2415"]
[Result "1/2-1/2"]
[Round "5"]
[TimeControl "180+2"]
[Date "2023.06.13"]
[WhiteClock "0:00:12"]
[BlackClock "0:00:27"]
[Board "60"]

1. Nf3 Nf6 2. g3 d5 3. Bg2 c6 4. O-O Bg4 5. c4 e6 6. d3 Nbd7 7. h3 Bxf3 8. Bxf3 dxc4 9. dxc4 Ne5 10. Qb3 Nxf3+ 11. exf3 Qb6 12. Be3 Qxb3 13. axb3 a5 14. Nc3 Bb4 15. Rfd1 Ke7 16. Na4 Nd7 17. Kf1 Rhd8 18. Ke2 b5 19. Nc3 bxc4 20. bxc4 Ne5 21. Rxd8 Rxd8 22. Na2 Nxc4 23. Nxb4 axb4 24. Bc5+ Kf6 25. Bxb4 Rb8 26. Bc3+ Kg6 27. f4 Rb5 28. Ra2 h5 29. Kd3 Nb6 30. Ra5 Kf5 31. Rxb5+ cxb5 32. Kd4 Nd7 33. Ke3 e5 34. fxe5 Nxe5 35. Bxe5 Kxe5 36. Kd3 h4 37. Kc3 hxg3 38. fxg3 Ke4 39. Kb4 Kf3 40. Kxb5 Kxg3 41. Kc5 f5 42. b4 f4 43. b5 f3 44. b6 f2 45. b7 f1=Q 46. b8=Q+ Kxh3 47. Qh8+ Kg2 48. Qxg7+ Kh1 49. Qh6+ Kg1 50. Qg5+ Kh1 51. Qh6+ Kg1 52. Qg5+ Kh1 53. Qh6+ 1/2-1/2


[Site "https://www.chess.com"]

[Event "Titled Tuesday Blitz June 13 Early 2023"]
[White "Skliarov, Viktor"]
[Black "Hafiz, Arif Abdul"]
[WhiteFideId "14106736"]
[BlackFideId "7104227"]
[WhiteElo "2317"]
[BlackElo "2198"]
[Result "0-1"]
[Round "5"]
[TimeControl "180+2"]
[Date "2023.06.13"]
[WhiteClock "0:00:04"]
[BlackClock "0:00:28"]
[Board "61"]

1. e4 e5 2. Nc3 Nc6 3. Bc4 Nf6 4. d3 Bb4 5. Bg5 h6 6. Bxf6 Qxf6 7. Ne2 Na5 8. Bb3 Nxb3 9. axb3 c6 10. O-O O-O 11. f4 Bc5+ 12. Kh1 exf4 13. d4 Bb6 14. Rxf4 Qe7 15. Qd3 d6 16. Raf1 f6 17. Ng3 Be6 18. Nf5 Bxf5 19. Rxf5 Rfe8 20. g3 Rad8 21. Kg2 Qe6 22. d5 Qf7 23. Qc4 Rc8 24. Rd1 Red8 25. dxc6 bxc6 26. Na4 Kf8 27. Nxb6 axb6 28. Qb4 Qc7 29. h4 Kg8 30. h5 Kh8 31. Ra1 Re8 32. Kf3 Re6 33. Ra6 Rce8 34. Qxb6 Qe7 35. Qxc6 Rxe4 36. Ra8 Re3+ 37. Kg4 Qf7 38. Rxe8+ Rxe8 39. Qd5 Qc7 40. Qd3 Qc6 41. Rd5 Qc8+ 42. Qf5 Qa6 43. c4 Qb6 44. Qd3 Re6 45. c5 Qb4+ 46. Kh3 Qe1 47. cxd6 Re3 48. d7 Qh1+ 49. Kg4 Qf3+ 50. Kh4 Qxg3# 0-1


[Site "https://www.chess.com"]

[Event "Titled Tuesday Blitz June 13 Early 2023"]
[White "Czerw, Dawid"]
[Black "Weetik, Vjacheslav"]
[WhiteFideId "1145746"]
[BlackFideId "4153472"]
[WhiteElo "2144"]
[BlackElo "2469"]
[Result "1-0"]
[Round "5"]
[TimeControl "180+2"]
[Date "2023.06.13"]
[WhiteClock "0:00:19"]
[BlackClock "0:00:02"]
[Board "62"]

1. e4 c6 2. Nc3 d5 3. Qf3 dxe4 4. Nxe4 Nf6 5. Bc4 Nbd7 6. d4 Nb6 7. Bd3 Qxd4 8. Ne2 Qb4+ 9. c3 Qa5 10. Nxf6+ gxf6 11. O-O Nd7 12. Bc2 Rg8 13. Nd4 Ne5 14. Qh5 Bg4 15. Qxh7 Rg7 16. Qh8 O-O-O 17. Bh6 Ng6 18. Bxg6 Rxg6 19. Bxf8 c5 20. Nb3 Qc7 21. f3 Be6 22. Rad1 Re8 23. Rfe1 b6 24. Rxe6 fxe6 25. Qh5 Rxf8 26. Qxg6 Qf4 27. Qd3 Rg8 28. Qd7+ Kb8 29. Qxe6 Qg5 30. Qe2 e5 31. Nd2 Qf4 32. Ne4 f5 33. Ng3 Rh8 34. Re1 Qh4 35. Qxe5+ Kb7 36. Nf1 Ka6 37. Qe2+ Kb7 38. Qf2 Qh6 39. Re7+ Ka6 40. Qe2+ 1-0


[Site "https://www.chess.com"]

[Event "Titled Tuesday Blitz June 13 Early 2023"]
[White "Arencibia Monduy, Antonio"]
[Black "Sattarov, Bobir"]
[WhiteFideId "3507939"]
[BlackFideId "14203081"]
[WhiteElo "2568"]
[BlackElo "2351"]
[Result "0-1"]
[Round "5"]
[TimeControl "180+2"]
[Date "2023.06.13"]
[WhiteClock "0:00:02"]
[BlackClock "0:00:32"]
[Board "63"]

1. e4 e5 2. Bc4 Nf6 3. d3 Be7 4. Nf3 Nc6 5. O-O O-O 6. c3 d6 7. Bb3 Kh8 8. Re1 Ng8 9. d4 f5 10. dxe5 fxe4 11. Rxe4 Bf5 12. Re1 Bg4 13. exd6 Bxd6 14. Bxg8 Bxf3 15. gxf3 Qh4 16. Be6 Qxh2+ 17. Kf1 Rae8 18. Qd5 Rf6 19. Re3 Rfxe6 20. Rxe6 Qh3+ 21. Kg1 Rxe6 22. Bg5 Re1# 0-1


[Site "https://www.chess.com"]

[Event "Titled Tuesday Blitz June 13 Early 2023"]
[White "Mendez Fortes, Eduardo Jesus"]
[Black "carokannlover213"]
[WhiteFideId "3502376"]
[WhiteElo "2307"]
[BlackElo "2753"]
[Result "1-0"]
[Round "5"]
[TimeControl "180+2"]
[Date "2023.06.13"]
[WhiteClock "0:00:09"]
[BlackClock "0:00:01"]
[Board "64"]

1. e4 c5 2. Nf3 d6 3. d4 cxd4 4. Nxd4 Nf6 5. Nc3 a6 6. Bg5 e6 7. f4 h6 8. Bh4 Qb6 9. a3 Be7 10. Bf2 Qc7 11. Qf3 Nbd7 12. O-O-O b5 13. g4 Bb7 14. Bg2 g5 15. h4 gxf4 16. g5 Ne5 17. Qxf4 hxg5 18. hxg5 Rxh1 19. Rxh1 Nfd7 20. Kb1 O-O-O 21. Be3 Rg8 22. Bf1 Qd8 23. Rg1 Rg7 24. Be2 Qg8 25. a4 bxa4 26. Nxa4 f6 27. Qf1 Nb8 28. gxf6 Rxg1 29. Bxg1 Bxf6 30. Bh2 Bh8 31. Qh3 Kd7 32. Bxe5 Bxe5 33. Nxe6 Qg1+ 34. Ka2 Kc6 35. Bc4 Qg3 36. Qh7 Nd7 37. Bd5+ Kb5 38. Qxd7+ Ka5 39. Qxb7 Kxa4 40. b3+ Ka5 41. Qc7+ Kb4 42. Qb6+ Kc3 43. Qc6+ Kd2 44. Qc4 Qg1 45. Qd3+ Kc1 46. c3 Qf2+ 47. Ka3 a5 48. Ka4 Qa2+ 49. Kb5 Qb2 50. Nd4 a4 51. Ne2+ Qxe2 52. Qxe2 a3 53. b4 Bxc3 54. Bb3 Bb2 55. Qc2# 1-0


[Site "https://www.chess.com"]

[Event "Titled Tuesday Blitz June 13 Early 2023"]
[White "Shuvalova, Polina"]
[Black "Omelja, Artem"]
[WhiteFideId "24171760"]
[BlackFideId "14119846"]
[WhiteElo "2281"]
[BlackElo "2404"]
[Result "1-0"]
[Round "5"]
[TimeControl "180+2"]
[Date "2023.06.13"]
[WhiteClock "0:00:09"]
[BlackClock "0:00:00"]
[Board "65"]

1. e4 e5 2. Nf3 Nc6 3. Nc3 Nf6 4. Bb5 Bb4 5. O-O O-O 6. d3 d6 7. Ne2 a6 8. Bxc6 bxc6 9. Ng3 Bc5 10. Be3 Bb6 11. a4 Rb8 12. b3 Ng4 13. Bxb6 cxb6 14. h3 Nh6 15. d4 Qe7 16. Re1 Bb7 17. Qd2 c5 18. dxe5 dxe5 19. Qc3 f6 20. a5 b5 21. Rad1 Rbd8 22. Nh2 g6 23. Qe3 Kg7 24. Ng4 Nxg4 25. hxg4 h6 26. f3 Bc8 27. Rd5 Rxd5 28. exd5 Rd8 29. c4 bxc4 30. bxc4 Qc7 31. Ra1 f5 32. gxf5 Bxf5 33. Re1 Re8 34. Qc3 h5 35. f4 Kf6 36. Ne4+ Bxe4 37. Rxe4 Qb8 38. fxe5+ Rxe5 39. Qf3+ Rf5 40. Re6+ Kf7 41. Qe4 Qd8 42. d6 Kf8 43. Rxg6 Qd7 44. Re6 Qf7 45. Kh2 Rf4 46. Qe5 Qf5 47. Re8+ Kf7 48. Qxf5+ Rxf5 49. d7 1-0


[Site "https://www.chess.com"]

[Event "Titled Tuesday Blitz June 13 Early 2023"]
[White "Gontcharov, Vladislav"]
[Black "Pakleza, Zbigniew"]
[WhiteFideId "4123492"]
[BlackFideId "1119290"]
[WhiteElo "2420"]
[BlackElo "2410"]
[Result "1-0"]
[Round "5"]
[TimeControl "180+2"]
[Date "2023.06.13"]
[WhiteClock "0:00:15"]
[BlackClock "0:00:07"]
[Board "66"]

1. d4 d6 2. e4 Nf6 3. Nc3 c6 4. Nf3 Bg4 5. Be2 e6 6. h3 Bh5 7. Bg5 Be7 8. Qd2 d5 9. e5 Nfd7 10. Bxe7 Qxe7 11. Nd1 c5 12. c3 Nc6 13. Ne3 O-O 14. O-O Rfc8 15. Rac1 h6 16. g4 Bg6 17. Rfd1 Be4 18. Ne1 Qh4 19. Bf1 Rc7 20. f3 Bh7 21. Kh2 Rac8 22. N1g2 Qe7 23. Be2 f6 24. exf6 Qxf6 25. Nf1 cxd4 26. cxd4 Nb6 27. Ng3 Bg6 28. Rc5 a6 29. b3 Nd7 30. Rc3 Qe7 31. Rdc1 Qb4 32. Nf4 Bf7 33. Qe3 Qd6 34. Nd3 Bg6 35. Nf4 Bf7 36. Kg2 Kf8 37. h4 Re8 38. g5 hxg5 39. hxg5 Rcc8 40. g6 Bg8 41. Nd3 Ke7 42. Qg5+ Kf8 43. Qh4 Rcd8 44. Nh5 Qe7 45. Qf4+ Nf6 46. Ne5 Qd6 47. Rh1 Nxe5 48. dxe5 Qb8 49. Nxf6 Ke7 50. Qg5 gxf6 51. exf6+ Kd7 52. f7 Bxf7 53. gxf7 Rf8 54. Qf6 Qd6 55. Rhc1 Rh8 56. Rc7+ Qxc7 57. Rxc7+ Kxc7 58. Qe7+ Kb8 59. Qxe6 Rhf8 60. Bd3 Ka8 61. Bg6 Rh8 62. Kf2 d4 63. Ke2 Rhf8 64. Kd3 Kb8 65. f4 Kc7 66. Bf5 Kb8 67. Qe7 Ka8 68. Be6 Rb8 69. f5 Ka7 70. Kxd4 Rbd8+ 71. Ke5 Rb8 72. Kf6 Rh8 73. Kg7 Rh1 74. f8=Q Rg1+ 75. Kf6 Rxf8+ 76. Qxf8 Kb6 77. Qd6+ 1-0


[Site "https://www.chess.com"]

[Event "Titled Tuesday Blitz June 13 Early 2023"]
[White "Malyi, Viacheslav"]
[Black "Vaibhav, Suri"]
[WhiteFideId "14123983"]
[BlackFideId "5045185"]
[WhiteElo "2291"]
[BlackElo "2494"]
[Result "0-1"]
[Round "5"]
[TimeControl "180+2"]
[Date "2023.06.13"]
[WhiteClock "0:00:15"]
[BlackClock "0:01:19"]
[Board "67"]

1. e4 c6 2. d4 d5 3. Nc3 dxe4 4. Nxe4 Nf6 5. Nxf6+ exf6 6. Nf3 Bd6 7. Bd3 O-O 8. O-O Na6 9. c3 Nc7 10. Qc2 g6 11. h3 Be6 12. Bd2 Qd7 13. Nh2 Rfe8 14. Rae1 b5 15. Bc1 Nd5 16. b3 Bxh3 17. gxh3 Qxh3 18. Rxe8+ Rxe8 19. f4 Bxf4 20. Bxf4 Nxf4 21. Be4 f5 22. Bg2 Qe3+ 23. Kh1 Ne2 24. Rf3 Qg1# 0-1


[Site "https://www.chess.com"]

[Event "Titled Tuesday Blitz June 13 Early 2023"]
[White "Danielyan, Vahe"]
[Black "Hajiyev, Kanan"]
[WhiteFideId "13304828"]
[BlackFideId "13404148"]
[WhiteElo "2423"]
[BlackElo "2115"]
[Result "0-1"]
[Round "5"]
[TimeControl "180+2"]
[Date "2023.06.13"]
[WhiteClock "0:00:23"]
[BlackClock "0:00:35"]
[Board "68"]

1. e4 c6 2. d3 d5 3. Nd2 a6 4. Ngf3 Bg4 5. g3 e6 6. Bg2 Nf6 7. O-O Be7 8. Re1 O-O 9. h3 Bh5 10. Qe2 c5 11. Nf1 Nc6 12. g4 Bg6 13. Ng3 dxe4 14. dxe4 Nd4 15. Nxd4 cxd4 16. f4 h6 17. f5 Bh7 18. e5 Nd5 19. f6 Bc5 20. Kh2 Ne3 21. Bxe3 dxe3 22. Rad1 Qc7 23. fxg7 Kxg7 24. Qf3 Qxe5 25. Rd7 Rad8 26. Rxb7 Rd2 27. Rf1 Bd6 28. Rxf7+ Rxf7 29. Qxf7+ Kh8 30. Qf3 Be4 0-1


[Site "https://www.chess.com"]